 Dungeon Crawl Stone Soup version 0.21-a0-200-gb89f83b (console) character file.

245034 Duffy the Devastator (level 19, -5/112 HPs)
             Began as a Deep Elf Air Elementalist on Aug 16, 2017.
             Was the Champion of Vehumet.
             Slain by an emperor scorpion (33 damage)
             ... on level 2 of the Spider Nest.
             The game lasted 01:56:08 (48097 turns).

Duffy the Devastator (Deep Elf Air Elementalist)   Turns: 48097, Time: 01:56:09

Health: -5/112     AC: 16    Str:  5    XL:     19   Next: 16%
Magic:  60/72      EV: 20    Int: 34    God:    Vehumet [******]
Gold:   3108       SH:  4    Dex: 18    Spells: 4/56 levels left

rFire    + . .     SeeInvis +   I - staff of conjuration {!a}
rCold    . . .     Gourm    .   (no shield)
rNeg     + + .     Faith    .   C - +2 robe {rN+}
rPois    .         Spirit   .   h - +3 hat of Pondering {ponderous, MR+ MP+10 Int+5}
rElec    .         Reflect  .   A - +2 cloak {MR+}
rCorr    .         Harm     .   E - +0 pair of gloves of the Duchess {rF+ MR- MP+9 Dex+3}
MR       +++++     Clarity  +   i - +2 pair of boots {run}
Stlth    ++........             L - amulet of the Four Winds {rN+ MR+++ Clar}
HPRegen  0.28/turn              k - ring of see invisible
MPRegen  0.43/turn              Z - ring of magical power

@: lethally poisoned (-5 -> -33), very slightly contaminated, deflect missiles
A: antennae 1, hooves 1, large bone plates 1, yellow scales 1, sense
surroundings 1
}: 1/15 runes: decaying
a: Renounce Religion


You were on level 2 of the Spider Nest.
You worshipped Vehumet.
Vehumet was exalted by your worship.
You were near starving.

You visited 6 branches of the dungeon, and saw 33 of its levels.
You also visited: Labyrinth, Sewer and Ice Cave.

You collected 4395 gold pieces.
You spent 1287 gold pieces at shops.

Inventory:

Missiles
 j - 6 throwing nets (quivered)
Armour
 h - the +3 hat of Pondering (worn) {ponderous, MR+ MP+10 Int+5}
   (You took it off Gastronok on level 1 of the Lair of Beasts)

   It affects your intelligence (+5).
   It affects your resistance to hostile enchantments.
   It affects your magic capacity (+10).
 i - a +2 pair of boots of running (worn)
 A - a +2 cloak of magic resistance (worn)
 C - a +2 robe of positive energy (worn)
 E - the +0 pair of gloves of the Duchess (worn) {rF+ MR- MP+9 Dex+3}
   (You found it on level 5 of the Lair of Beasts)

   It affects your dexterity (+3).
   It protects you from fire.
   It affects your resistance to hostile enchantments.
   It affects your magic capacity (+9).
Magical Staves
 I - an uncursed staff of conjuration (weapon) {!a}
Jewellery
 k - a ring of see invisible (left hand)
 p - an uncursed amulet of magic regeneration
 L - the amulet of the Four Winds (around neck) {rN+ MR+++ Clar}
   (You took it off a deep elf mage on level 3 of the Elven Halls)

   [amulet of nothing]

   It protects you from negative energy.
   It affects your resistance to hostile enchantments.
   It protects you against confusion.
 R - the ring "Ykhlyfuiny" {rElec rC+ rN+ Dex+4 Slay+2}
   (You took it off a deep elf archer on level 3 of the Elven Halls)

   [ring of slaying]

   It affects your dexterity (+4).
   It affects your accuracy and damage with ranged weapons and melee attacks
   (+2).
   It protects you from cold.
   It insulates you from electricity.
   It protects you from negative energy.
 V - an uncursed ring of fire
 Z - a ring of magical power (right hand)
Wands
 b - a wand of polymorph (13/24)
 n - a wand of clouds (1/9)
 J - a wand of paralysis (14/24)
 S - a wand of disintegration (11/24)
Scrolls
 a - 9 scrolls of teleportation
 e - 20 scrolls of remove curse
 f - 12 scrolls of identify
 m - 7 scrolls of recharging
 q - 2 scrolls of magic mapping
 r - a scroll of summoning
 s - 2 scrolls of enchant armour
 x - 5 scrolls of blinking
 y - 3 scrolls of amnesia
 N - 2 scrolls of fog
 P - 4 scrolls of immolation
Potions
 g - 21 potions of curing
 l - 3 potions of cancellation
 o - 2 potions of invisibility
 u - 5 potions of brilliance
 v - 2 potions of agility
 w - 7 potions of flight
 z - 8 potions of haste
 B - a potion of resistance
 D - 9 potions of heal wounds
 H - 2 potions of mutation
 K - 3 potions of ambrosia
 M - a potion of magic
Comestibles
 c - 18 bread rations
 O - 3 meat rations


   Skills:
 - Level 10.0 Fighting
 - Level 10.6 Dodging
 - Level 2.4 Stealth
 - Level 19.0 Spellcasting
 - Level 20.0 Conjurations
 - Level 10.0 Charms
 - Level 12.4 Fire Magic
 - Level 10.0 Air Magic
 + Level 13.7 Earth Magic
 - Level 6.0 Evocations


You had 4 spell levels left.
You knew the following spells:

 Your Spells              Type           Power        Failure   Level  Hunger
a - Shock                 Conj/Air       ####         0%          1    None
c - Airstrike             Air            #######...   1%          4    None
d - Iron Shot             Conj/Erth      ########..   1%          6    None
h - Bolt of Fire          Conj/Fire      ########..   1%          6    None
j - Lehudib's Crystal Sp  Conj/Erth      ########..   1%          8    #####..
k - Lightning Bolt        Conj/Air       ########..   1%          5    None
l - Ignition              Fire           #######...   11%         8    #####..
m - Deflect Missiles      Chrm/Air       #######...   2%          6    None
n - Iskenderun's Battles  Conj/Chrm      ########     1%          5    None
u - Apportation           Tloc           ####..       1%          1    None
B - Blink                 Tloc           N/A          1%          2    None


Dungeon Overview and Level Annotations

Branches:
Dungeon (15/15)            Temple (0/1) D:6            Lair (6/6) D:11
  Swamp (4/4) Lair:4       Spider (3/4) Lair:3        Slime (0/5) Lair:6
    Orc (2/2) D:11            Elf (3/3) Orc:2        Vaults (0/5) D:14
 Depths (0/5) D:15

Altars:
Dithmenos
Fedhas
Hepliaklqana
Kikubaaqudgha
Okawaru
Qazlal
Ru
Sif Muna
Uskayaw
Vehumet
Wu Jian
Yredelemnul
Zin
The Shining One
Beogh

Shops:
D:4 :   D:15 [   Orc:2 =*[(

Portals:
Trove: D:12 (show slimy rune of Zot)

Annotations:
Swamp:4 Mara
Elf:2 3 runed doors, exclusion: 3 doors


Innate Abilities, Weirdness & Mutations

You have a pair of small antennae on your head.
You have large cloven feet.
You are partially covered in large bone plates. (SH +4)
You are partially covered in yellow scales. (AC +2)
You passively map a small area around you.


Message History

The emperor scorpion barely misses you.
The emperor scorpion completely misses you.
A redback comes into view.
You feel very sick. The emperor scorpion barely misses you.
The emperor scorpion completely misses you.
The emperor scorpion claws you!
You climb upwards.
You feel very sick.
There is a stone staircase leading down here.
Cast which spell? (? or * to list)
Aiming: Lehudib's Crystal Spear
Press: ? - help, Shift-Dir - straight line, f - emperor scorpion
Aim: an emperor scorpion (lightly wounded, berserk, fast, unusually strong)
You feel a surge of power!
The crystal spear hits the emperor scorpion.
The emperor scorpion is heavily wounded.
You feel very sick. The emperor scorpion stings you!!
You die...

..........................######^
...................!....###..#.#.
............................#...#
.........................^.#.....
................^.....^....##..##
..........................##..^#.
........................^.#..###.
.................s........#..##..
................@..^.......#.....
.........................<#..#...
.........................^...##^.
..........................##..##.
...........................##....
...).^.......<...............###.
................................#
..^..............................
.............................####


You could see an emperor scorpion (berserk).

Vanquished Creatures
  the Lernaean hydra (Swamp:4)
  4 deep elf master archers (Elf:3)
  2 deep elf blademasters (Elf:3)
  Gastronok (Lair:1)
  Kirke (Swamp:3)
  3 thorn hunters
  Donald (Swamp:1)
  Roxanne (Swamp:2)
  5 deep elf sorcerers (Elf:3)
  Louise (Swamp:2)
  Aizul (Swamp:3)
  6 deep elf elementalists (Elf:3)
  An orc warlord (Orc:2)
  4 deep elf demonologists
  3 deep elf annihilators (Elf:3)
  A spark wasp (Spider:2)
  The ghost of braks the Devastator, a journeyman DsIE of Jiyva (Lair:6)
  6 deep elf death magi
  Snorg (Lair:5)
  A minotaur (Lab)
  A great orb of eyes (D:14)
  A yaktaur captain (D:15)
  2 deep elf high priests (Elf:3)
  A catoblepas (Lair:6)
  A vault guard (D:14)
  18 hydras
  3 ghost crabs
  2 death knights (D:15)
  6 two-headed ogres
  15 dancing weapons
  11 alligators
  5 centaur warriors
  A tengu warrior (D:14)
  A deep troll shaman (Lair:6)
  6 death yaks (Lair:6)
  Urug (Lair:5)
  12 deep elf knights
  4 orc high priests (Orc:2)
  3 skeletal warriors (D:15)
  A shadow wraith (D:14)
  An unseen horror (D:11)
  3 spriggan druids
  A deep troll (D:14)
  14 swamp dragons
  A necromancer (IceCv)
  21 deep elf archers
  A lindwurm (Lair:6)
  4 shambling mangroves
  6 orb spiders
  6 orc knights
  61 deep elf magi
  4 ugly things
  An orb spider (shapeshifter) (D:14)
  4 orc sorcerers
  17 wolf spiders
  2 manticores
  A salamander (shapeshifter) (D:14)
  12 elephants
  A moth of wrath (Spider:3)
  3 cyclopes
  3 centaur zombies
  4 black mambas
  A torpor snail (Lair:2)
  The ghost of Goblin1989 the Skirmisher, a novice DsAs of Wu Jian (D:5)
  4 ice statues (IceCv)
  4 gargoyles (Lab)
  2 rime drakes
  22 spiny frogs
  13 komodo dragons
  7 demonic crawlers
  2 kobold demonologists (D:13)
  8 ice devils (IceCv)
  2 yaktaurs (D:14)
  A freezing wraith (D:15)
  A tengu conjurer (D:14)
  3 meliai (D:15)
  2 polar bears
  10 trolls
  7 tyrant leeches
  18 jumping spiders
  20 hornets
  8 hippogriffs
  A meliai zombie (D:15)
  22 blink frogs
  16 slime creatures
  4 bog bodies
  44 redbacks
  17 tarantellas
  A centaur simulacrum (D:14)
  3 air elementals
  9 spriggans
  A vampire (D:11)
  3 shadows
  4 wraiths
  Sigmund (D:4)
  A human (Swamp:3)
  3 water elementals
  41 yaks
  4 hogs (Swamp:3)
  2 basilisks
  2 fire elementals
  Eustachio (D:6)
  2 hungry ghosts
  Menkaure (D:7)
  Edmund (D:4)
  A steam dragon (D:10)
  22 vampire mosquitoes
  An acid dragon (D:13)
  13 insubstantial wisps
  4 wargs
  20 swamp worms
  A soldier ant (D:14)
  8 porcupines
  6 water moccasins
  18 swamp drakes
  11 ice beasts
  33 orc warriors
  A black bear (Lair:6)
  3 phantoms
  4 sky beasts
  2 necrophages
  13 wolves
  14 ogres
  12 centaurs
  7 crocodiles
  4 big kobolds
  18 bullfrogs
  A gnoll sergeant (D:5)
  3 earth elementals
  A water moccasin zombie (D:6)
  A scorpion (D:4)
  2 water moccasin skeletons
  17 wights
  9 electric eels
  A howler monkey (D:6)
  6 crimson imps
  2 bullfrog zombies
  3 draconian simulacra (IceCv)
  A quasit (D:9)
  12 hounds
  5 jellies
  4 centaur skeletons
  A gnoll shaman (D:5)
  15 orc priests
  Crazy Yiuf (D:5)
  4 iguanas
  Ijyb (D:3)
  21 orc wizards
  Natasha (D:3)
  13 worker ants
  A troll simulacrum (IceCv)
  2 spriggan simulacra (IceCv)
  A hound zombie (D:6)
  A worker ant zombie (D:6)
  48 gnolls
  17 adders
  3 naga simulacra (IceCv)
  An ogre simulacrum (IceCv)
  4 river rats (Sewer)
  7 shadow imps
  6 oozes
  3 adder skeletons
  An adder zombie (D:6)
  3 worms
  6 leopard geckos
  75 orcs
  10 ball pythons
  11 bats
  10 giant cockroaches
  2 goblins (D:1)
  5 hobgoblins
  16 jackals
  40 kobolds
  4 quokkas
  7 frilled lizards
  A leopard gecko skeleton (D:4)
  A quokka skeleton (D:10)
  38 rats
  A fungus (Lair:1)
  3 plants
1300 creatures vanquished.

Vanquished Creatures (collateral kills)
  A bog body (Swamp:1)
  2 insubstantial wisps (Swamp:1)
3 creatures vanquished.

Vanquished Creatures (others)
  2 bushes (Elf:3)
  8 fungi
  3 plants
  6 toadstools (Swamp:3)
19 creatures vanquished.

Grand Total: 1322 creatures vanquished

Notes
Turn   | Place    | Note
-------+----------+-------------------------------------------
     0 | D:1      | Duffy the Deep Elf Air Elementalist began the quest for the Orb.
     0 | D:1      | Reached XP level 1. HP: 10/10 MP: 6/6
   332 | D:1      | Reached XP level 2. HP: 15/15 MP: 6/8
   695 | D:1      | Reached skill level 2 in Conjurations
  1159 | D:1      | Reached XP level 3. HP: 19/19 MP: 8/10
  1366 | D:2      | Found a basalt altar of Yredelemnul.
  1367 | D:2      | Found a glowing golden altar of the Shining One.
  1367 | D:2      | Found an ornate altar of the Wu Jian Council.
  1367 | D:2      | Found a radiant altar of Vehumet.
  1417 | D:2      | Became a worshipper of Vehumet
  1446 | D:2      | Found a hazy altar of Hepliaklqana.
  1451 | D:2      | Found a stormy altar of Qazlal.
  1953 | D:2      | Found a shadowy altar of Dithmenos.
  2323 | D:2      | Reached XP level 4. HP: 24/24 MP: 3/12
  2417 | D:2      | Learned a level 4 spell: Airstrike
  2479 | D:2      | Reached skill level 3 in Conjurations
  2910 | D:3      | Reached * piety under Vehumet
  2910 | D:3      | Offered knowledge of Sandblast by Vehumet.
  3052 | D:3      | Noticed Ijyb
  3060 | D:3      | Killed Ijyb
  3305 | D:3      | Noticed a centaur
  3323 | D:3      | Killed a centaur
  3323 | D:3      | Reached skill level 5 in Spellcasting
  3323 | D:3      | Reached skill level 4 in Conjurations
  3323 | D:3      | Reached XP level 5. HP: 26/28 MP: 5/14
  3449 | D:3      | Learned a level 5 spell: Lightning Bolt
  3620 | D:4      | Found Hutuesyo's Book Emporium.
  3620 | D:4      | Noticed Natasha
  3632 | D:3      | Killed Natasha
  3910 | D:4      | Reached XP level 6. HP: 32/32 MP: 12/15
  3957 | D:4      | Found a deep blue altar of Sif Muna.
  4122 | D:4      | Reached skill level 5 in Conjurations
  4304 | D:4      | Noticed Edmund
  4325 | D:4      | Killed Edmund
  4325 | D:4      | Reached skill level 1 in Fighting
  4328 | D:4      | Noticed Sigmund
  4469 | D:4      | Reached XP level 7. HP: 35/38 MP: 12/18
  4561 | D:4      | Killed Sigmund
  4561 | D:4      | Reached skill level 5 in Air Magic
  5392 | D:5      | Entered Level 5 of the Dungeon
  5416 | D:5      | Reached XP level 8. HP: 29/45 MP: 8/20
  5875 | D:5      | Reached ** piety under Vehumet
  5877 | D:5      | Offered knowledge of Sting by Vehumet.
  6059 | D:5      | Noticed Goblin1989's ghost (novice DsAs)
  6090 | D:5      | Killed Goblin1989's ghost
  6626 | D:5      | Offered knowledge of Conjure Flame by Vehumet.
  6641 | D:5      | Reached skill level 5 in Dodging
  6666 | D:5      | Reached *** piety under Vehumet
  6721 | D:5      | Reached XP level 9. HP: 52/52 MP: 1/21
  7159 | D:5      | Found a runed door.
  7357 | D:5      | Noticed Crazy Yiuf
  7360 | D:5      | Killed Crazy Yiuf
  7561 | D:6      | Found a glowing drain.
  7568 | D:6      | Found a staircase to the Ecumenical Temple.
  7571 | D:6      | Offered knowledge of Dazzling Spray by Vehumet.
  7584 | Sewer    | Entered a sewer
  7751 | Sewer    | Reached **** piety under Vehumet
  7831 | Sewer    | Offered knowledge of Ignite Poison by Vehumet.
  8223 | D:6      | Reached skill level 6 in Conjurations
  8233 | D:6      | Noticed a troll
  8238 | D:6      | Killed a troll
  8460 | D:6      | Noticed Eustachio
  8462 | D:6      | Killed Eustachio
  8462 | D:6      | Reached skill level 5 in Fighting
  8638 | D:6      | Reached skill level 7 in Conjurations
  9007 | D:6      | Found a hide-covered altar of Uskayaw.
  9192 | D:6      | Reached ***** piety under Vehumet
  9271 | D:7      | Identified a scroll of acquirement
  9329 | D:4      | Bought a book of Power for 540 gold pieces
  9335 | D:4      | Learned a level 5 spell: Iskenderun's Battlesphere
  9432 | D:7      | Offered knowledge of Irradiate by Vehumet.
  9526 | D:7      | Reached XP level 10. HP: 59/59 MP: 22/22
  9642 | D:7      | Noticed Menkaure
  9646 | D:7      | Killed Menkaure
 10005 | D:7      | Found a blossoming altar of Fedhas.
 10764 | D:8      | Reached skill level 1 in Charms
 11331 | D:8      | Noticed a two-headed ogre
 11334 | D:8      | Killed a two-headed ogre
 11334 | D:8      | Reached skill level 8 in Conjurations
 11713 | D:8      | Learned a level 6 spell: Iron Shot
 11907 | D:9      | Reached skill level 1 in Earth Magic
 12036 | D:9      | Found an ancient bone altar of Kikubaaqudgha.
 12054 | D:9      | Found a glowing silver altar of Zin.
 12062 | D:9      | Gained mutation: You occasionally shout uncontrollably at your foes. [mutagenic meat]
 12063 | D:9      | Gained mutation: You are weak. (Str -2) [mutagenic meat]
 12064 | D:9      | Gained mutation: You passively map a small area around you. [mutagenic meat]
 12065 | D:9      | Gained mutation: You have large cloven feet. [mutagenic meat]
 12250 | D:9      | Reached skill level 9 in Conjurations
 12614 | D:9      | Found an iron altar of Okawaru.
 12857 | D:10     | Entered Level 10 of the Dungeon
 12927 | D:10     | Reached XP level 11. HP: 66/66 MP: 24/25
 13360 | D:10     | Gained mutation: You are partially covered in icy blue scales. (AC +2) [mutagenic meat]
 13361 | D:10     | Gained mutation: You have hoof-like feet. [mutagenic meat]
 13549 | D:10     | Noticed a five-headed hydra
 13557 | D:10     | Killed a five-headed hydra
 13557 | D:10     | Reached skill level 10 in Conjurations
 13648 | D:10     | Noticed a two-headed ogre
 13650 | D:10     | Killed a two-headed ogre
 14177 | D:11     | Noticed a purple ugly thing
 14182 | D:11     | Killed a purple ugly thing
 14182 | D:11     | Reached skill level 11 in Conjurations
 14183 | D:11     | Noticed a purple ugly thing
 14189 | D:11     | Killed a purple ugly thing
 14189 | D:11     | Reached skill level 10 in Spellcasting
 14189 | D:11     | Reached skill level 5 in Earth Magic
 14199 | D:11     | Gained mutation: You are covered in fur. (AC +1) [mutagenic meat]
 14200 | D:11     | Gained mutation: You have a pair of small antennae on your head. [mutagenic meat]
 14201 | D:11     | Gained mutation: You are partially covered in yellow scales. (AC +2) [mutagenic meat]
 14202 | D:11     | Gained mutation: Your flesh is heat resistant. (rF+) [mutagenic meat]
 14204 | D:11     | Found a staircase to the Orcish Mines.
 14205 | D:11     | Found a sacrificial altar of Ru.
 14297 | D:11     | Noticed a red ugly thing
 14299 | D:11     | Killed a red ugly thing
 14313 | D:11     | Found a labyrinth entrance.
 14322 | Lab      | Entered a labyrinth
 15063 | Lab      | Noticed a minotaur
 15076 | Lab      | Killed a minotaur
 15076 | Lab      | Reached skill level 12 in Conjurations
 15076 | Lab      | Reached XP level 12. HP: 69/71 MP: 23/28
 15168 | Lab      | Identified the Compendium of Execration
 15628 | D:11     | Found a staircase to the Lair.
 15723 | D:11     | Noticed a two-headed ogre
 15728 | D:11     | Killed a two-headed ogre
 16341 | D:11     | Found a roughly hewn altar of Beogh.
 16790 | Lair:1   | Entered Level 1 of the Lair of Beasts
 17667 | Lair:1   | Noticed a seven-headed hydra
 17674 | Lair:1   | Killed a seven-headed hydra
 18182 | Lair:1   | Noticed Gastronok
 18196 | Lair:1   | Killed Gastronok
 18958 | Lair:2   | Offered knowledge of Olgreb's Toxic Radiance by Vehumet.
 19159 | Lair:2   | Noticed a seven-headed hydra
 19164 | Lair:2   | Killed a seven-headed hydra
 19164 | Lair:2   | Reached XP level 13. HP: 82/82 MP: 30/30
 19253 | Lair:2   | Reached skill level 10 in Fighting
 19594 | Lair:2   | Reached skill level 1 in Evocations
 20390 | Lair:3   | Found a hole to the Spider Nest.
 20442 | Lair:3   | Reached skill level 5 in Evocations
 21677 | Lair:4   | Reached skill level 13 in Conjurations
 22529 | Lair:4   | Found a staircase to the Swamp.
 23108 | Lair:5   | Got a pair of jewelled gloves
 23119 | Lair:5   | Identified the +0 pair of gloves of the Duchess {rF+ MR- MP+9 Dex+3} (You found it on level 5 of the Lair of Beasts)
 23141 | Lair:5   | Noticed Snorg
 23147 | Lair:5   | Killed Snorg
 23260 | Lair:5   | Reached skill level 14 in Conjurations
 23726 | Lair:5   | Noticed Urug
 23730 | Lair:5   | Killed Urug
 24130 | Lair:6   | Entered Level 6 of the Lair of Beasts
 24134 | Lair:6   | Offered knowledge of Freezing Cloud by Vehumet.
 24318 | Lair:6   | Reached XP level 14. HP: 88/88 MP: 32/32
 24937 | Lair:6   | Noticed braks's ghost (journeyman DsIE)
 24941 | Lair:6   | Killed braks's ghost
 25462 | Lair:6   | Found a staircase to the Slime Pits.
 25861 | Lair:6   | Reached skill level 15 in Conjurations
 26313 | Lair:6   | Learned a level 6 spell: Deflect Missiles
 26582 | Orc:1    | Entered Level 1 of the Orcish Mines
 26822 | Orc:1    | Found a roughly hewn altar of Beogh.
 26842 | Orc:1    | Reached skill level 5 in Charms
 27064 | Orc:2    | Entered Level 2 of the Orcish Mines
 27064 | Orc:2    | Found a roughly hewn altar of Beogh.
 27064 | Orc:2    | Found a staircase to the Elven Halls.
 27101 | Orc:2    | Found a frozen archway.
 27203 | IceCv    | Entered an ice cave
 27359 | IceCv    | Offered knowledge of Bolt of Draining by Vehumet.
 27936 | IceCv    | Identified a +1 pair of boots of running (You found it in an ice cave)
 27941 | IceCv    | Got a warped scale mail
 28417 | Orc:2    | Reached skill level 10 in Charms
 28529 | Orc:2    | Noticed an orc warlord
 28534 | Orc:2    | Killed an orc warlord
 29040 | Orc:2    | Found Faiza's Jewellery Shop.
 29252 | Orc:2    | Found Suript's Antique Armour Shoppe.
 29320 | Orc:2    | Reached ****** piety under Vehumet
 29490 | Orc:2    | Reached skill level 10 in Air Magic
 29490 | Orc:2    | Reached XP level 15. HP: 92/92 MP: 34/34
 29629 | Orc:2    | Found Miada's General Store.
 29805 | Orc:2    | Found Ithupnoh's Antique Weapon Boutique.
 30108 | Orc:2    | Bought an uncursed amulet of magic regeneration for 450 gold pieces
 30151 | Orc:2    | Bought a scroll of identify for 36 gold pieces
 30151 | Orc:2    | Bought a scroll of teleportation for 54 gold pieces
 30151 | Orc:2    | Bought a scroll of summoning for 171 gold pieces
 30151 | Orc:2    | Bought a scroll of identify for 36 gold pieces
 30434 | D:11     | Gained mutation: You are resistant to hostile enchantments. (MR+) [mutagenic meat]
 30435 | D:11     | Lost mutation: You have a pair of small antennae on your head. [mutagenic meat]
 30436 | D:11     | Gained mutation: You are robust. (+10% HP) [mutagenic meat]
 30471 | D:12     | Offered knowledge of Poison Arrow by Vehumet.
 30940 | D:12     | Found a portal to a secret trove of treasure.
 31056 | D:13     | Reached skill level 16 in Conjurations
 32005 | D:14     | HP: 5/101 [enormous slime creature (28)]
 32558 | D:14     | Gained mutation: Armour fits poorly on your strangely shaped body. [mutagenic meat]
 32619 | D:14     | Found a gate to the Vaults.
 33195 | D:15     | Entered Level 15 of the Dungeon
 33210 | D:15     | Reached skill level 10 in Dodging
 33211 | D:15     | Offered knowledge of Bolt of Fire by Vehumet.
 33686 | D:15     | Learned a level 6 spell: Bolt of Fire
 33824 | D:15     | Reached skill level 1 in Fire Magic
 34246 | D:15     | Found Qithovy's Armour Emporium.
 34255 | D:15     | Reached skill level 5 in Fire Magic
 34419 | D:15     | Found a staircase to the Depths.
 34855 | Elf:1    | Entered Level 1 of the Elven Halls
 34956 | Elf:1    | You fall through a shaft!
 35078 | Elf:2    | Found a runed gate.
 35078 | Elf:2    | Found a runed gate.
 35104 | Elf:2    | Found a runed gate.
 35239 | Elf:2    | Reached XP level 16. HP: 106/106 MP: 36/36
 35992 | Elf:1    | Reached skill level 15 in Spellcasting
 35996 | Elf:1    | Offered knowledge of Ozocubu's Refrigeration by Vehumet.
 36328 | Elf:1    | Reached skill level 17 in Conjurations
 36911 | Elf:3    | Entered Level 3 of the Elven Halls
 38350 | Elf:3    | Reached skill level 18 in Conjurations
 38577 | Elf:3    | Reached XP level 17. HP: 94/112 MP: 40/40
 38695 | Elf:3    | Noticed a deep elf master archer
 38697 | Elf:3    | Killed a deep elf master archer
 38783 | Elf:3    | Noticed a deep elf blademaster
 38790 | Elf:3    | Killed a deep elf blademaster
 39135 | Elf:3    | Noticed a deep elf master archer
 39138 | Elf:3    | Killed a deep elf master archer
 39163 | Elf:3    | Noticed a deep elf blademaster
 39259 | Elf:3    | Killed a deep elf blademaster
 39440 | Elf:3    | Got a scintillating steel ring
 39471 | Elf:3    | Reached skill level 19 in Conjurations
 39479 | Elf:3    | Identified the ring "Ykhlyfuiny" {rElec rC+ rN+ Dex+4 Slay+2} (You took it off a deep elf archer on level 3 of the Elven Halls)
 39674 | Elf:3    | Noticed a deep elf master archer
 39678 | Elf:3    | Killed a deep elf master archer
 39863 | Elf:3    | Noticed a deep elf master archer
 39867 | Elf:3    | Killed a deep elf master archer
 40046 | Elf:3    | Identified the Grimoire of Satyriasis
 40063 | Elf:3    | Learned a level 2 spell: Blink
 40065 | Elf:3    | Identified the Tome of the Fulmar
 40086 | Elf:3    | Identified Vehumet's Incunabulum of Noxious Confrontation
 40092 | Elf:3    | Identified Yteefyj's Incunabulum of Unstable Unholy Rites
 40632 | Swamp:1  | Entered Level 1 of the Swamp
 40648 | Swamp:1  | Offered knowledge of Lehudib's Crystal Spear by Vehumet.
 40648 | Swamp:1  | Offered knowledge of Shatter by Vehumet.
 40648 | Swamp:1  | Offered knowledge of Ignition by Vehumet.
 40725 | Lair:4   | Learned a level 8 spell: Lehudib's Crystal Spear
 40734 | Lair:4   | Learned a level 8 spell: Ignition
 40833 | Swamp:1  | Noticed Donald
 40835 | Swamp:1  | Killed Donald
 41869 | Swamp:2  | Reached XP level 18. HP: 112/117 MP: 43/43
 42080 | Swamp:2  | Noticed Roxanne
 42124 | Swamp:2  | Reached skill level 10 in Fire Magic
 42328 | Swamp:2  | Noticed Louise
 42337 | Swamp:2  | Killed Louise
 43073 | Swamp:2  | Killed Roxanne
 43101 | Swamp:2  | Identified Roxanne's Grimoire of Transmutation (You took it off Roxanne on level 2 of the Swamp)
 43127 | Swamp:3  | Noticed Kirke
 43441 | Swamp:3  | Reached skill level 10 in Earth Magic
 43516 | Swamp:3  | Killed Kirke
 43709 | Swamp:3  | Reached skill level 20 in Conjurations
 43746 | Swamp:3  | Noticed Aizul
 43751 | Swamp:3  | Killed Aizul
 43759 | Swamp:3  | Lost mutation: You occasionally shout uncontrollably at your foes. [mutagenic meat]
 43761 | Swamp:3  | Gained mutation: Your system is resistant to poisons. (rPois) [mutagenic meat]
 43762 | Swamp:3  | Lost mutation: Your flesh is heat resistant. (rF+) [mutagenic meat]
 43763 | Swamp:3  | Gained mutation: Your spells are a little easier to cast, but a little less powerful. [mutagenic meat]
 43879 | Swamp:3  | Lost mutation: You are partially covered in icy blue scales. (AC +2) [potion of mutation]
 43879 | Swamp:3  | Lost mutation: Your system is resistant to poisons. (rPois) [potion of mutation]
 43879 | Swamp:3  | Lost mutation: You have hoof-like feet. [potion of mutation]
 43879 | Swamp:3  | Gained mutation: You have a pair of small antennae on your head. [potion of mutation]
 43880 | Swamp:3  | Lost mutation: You are covered in fur. (AC +1) [potion of mutation]
 43880 | Swamp:3  | Lost mutation: You have a pair of small antennae on your head. [potion of mutation]
 43880 | Swamp:3  | Lost mutation: You are robust. (+10% HP) [potion of mutation]
 43880 | Swamp:3  | Gained mutation: You have hoof-like feet. [potion of mutation]
 43880 | Swamp:3  | Lost mutation: Your spells are a little easier to cast, but a little less powerful. [potion of mutation]
 43881 | Swamp:3  | Lost mutation: You are resistant to hostile enchantments. (MR+) [potion of mutation]
 43881 | Swamp:3  | Lost mutation: You have hoof-like feet. [potion of mutation]
 43881 | Swamp:3  | Lost mutation: You have large cloven feet. [potion of mutation]
 43881 | Swamp:3  | Lost mutation: You are weak. (Str -2) [potion of mutation]
 43881 | Swamp:3  | Gained mutation: Your flesh is cold resistant. (rC+) [potion of mutation]
 43881 | Swamp:3  | Gained mutation: You evolve. [potion of mutation]
 43881 | Swamp:3  | Gained mutation: You have large cloven feet. [potion of mutation]
 43882 | Swamp:3  | Lost mutation: Your flesh is cold resistant. (rC+) [potion of mutation]
 43882 | Swamp:3  | Gained mutation: Your magical capacity is low. (-10% MP) [potion of mutation]
 43882 | Swamp:3  | Gained mutation: You are partially covered in large bone plates. (SH +4) [potion of mutation]
 43883 | Swamp:3  | Lost mutation: Your magical capacity is low. (-10% MP) [potion of mutation]
 43883 | Swamp:3  | Lost mutation: Armour fits poorly on your strangely shaped body. [potion of mutation]
 43883 | Swamp:3  | Gained mutation: You have a pair of small antennae on your head. [potion of mutation]
 44239 | Swamp:4  | Entered Level 4 of the Swamp
 44545 | Swamp:4  | Lost mutation: You evolve. [evolution]
 44558 | Swamp:4  | Learned a level 1 spell: Apportation
 45364 | Swamp:4  | Noticed the 27-headed Lernaean hydra
 45367 | Swamp:4  | Killed the 27-headed Lernaean hydra
 45483 | Swamp:4  | Got a decaying rune of Zot
 45728 | Swamp:4  | Noticed Mara
 46147 | Spider:1 | Entered Level 1 of the Spider Nest
 47641 | Spider:2 | Reached XP level 19. HP: 112/112 MP: 44/44
 48097 | Spider:2 | Slain by an emperor scorpion

Vault maps used:
D:1:      dpeg_arrival_subterranean_lakeside_camping
D:2:      overflow_temple_1_default, chequers_temple_overflow_statue_of_worship,
          nicolae_qazlal_general_emergency, grunt_dithmenos_smoke
D:3:      uniq_ijyb
D:4:      kennysheep_mini, serial_shops, shop, first_bread, serial_park_tiny_1,
          st_stairs_2, hex_tiny, minmay_cut_off, uniq_natasha, uniq_edmund,
          uniq_sigmund
D:5:      lemuel_castle_with_subvaults, uniq_crazy_yiuf_cottage
D:6:      eat_drink_and_be_merry_uskayaw, minmay_temple_entry_purple_smoke,
          portal_sewer_entry_c, minmay_a_box_with_orc_wizards_in_it,
          uniq_eustachio
D:7:      basic_altar, uniq_menkaure
D:9:      lemuel_round_altar, kiku_gazebo_pond_becter, basic_altar,
          chequers_big_river
D:11:     erik_lair_island, minmay_orc_entry_temple_small, lab_entry_generic,
          basic_altar, the_bakery
D:12:     enter_trove_3
D:14:     david_vaults_4, minmay_misc_feat_rows, kb_rosetta
D:15:     grunt_enter_depths_snipers, serial_shops, nicolae_shop_crystal,
          minmay_misc_feat_tower
Lair:1:   grunt_megastairs_5, uniq_gastronok
Lair:2:   serial_bayou_shore_b
Lair:3:   nicolae_spider_entry_tight_spaces
Lair:4:   minmay_swamp_entry_worms, grunt_megastairs_1,
          infiniplex_staircase_pool
Lair:5:   uniq_snorg, uniq_urug
Lair:6:   grunt_lair_end_beastmaster, nicolae_slime_entry_slimehenge
Swamp:1:  serial_swamp_ruin, evilmike_swamp_ruin_house_5,
          evilmike_swamp_ruin_house_4, uniq_donald
Swamp:2:  hangedman_swamp_pad, uniq_roxanne, uniq_louise
Swamp:3:  cheibrodos_swamp_tower_of_moss, evilmike_swamp_ruin_house_3,
          swamp_pool3, hangedman_swamp_blocks, uniq_aizul, uniq_kirke
Swamp:4:  swamp_old_school, swamp_pool5, uniq_mara
Spider:1: nicolae_spider_webbed_stairs
Spider:2: hangedman_spider_mandibles
Orc:1:    basic_altar
Orc:2:    grunt_orc_gardens, grunt_orc_garden, grunt_orc_garden,
          grunt_orc_garden, grunt_orc_garden, portal_ice_cave_entry_ice_beasts,
          mines2_david
Elf:1:    elf_arrival_002, evilmike_minifort
Elf:2:    minivault_25
Elf:3:    minmay_elf_hall_circle
Lab:      nicolae_lab_dead_adventurers, nicolae_lab_x,
          labyrinth_skeletal_remains, labyrinth_glass_1, nicolae_lab_blocks,
          nicolae_lab_stuck
Sewer:    sewer_minmay_treatment
IceCv:    ice_cave_tombish

Skill      XL: |  1  2  3  4  5  6  7  8  9 10 11 12 13 14 15 16 17 18 19 |
---------------+----------------------------------------------------------+-----
Conjurations   | 2 4 5 7 9 12 14 15 16 18 19 20 | 20.0
Spellcasting   | 4 5 6 7 8 10 11 12 13 14 17 19 | 19.0
Air Magic      | 4 5 7 8 10 | 10.0
Fighting       | 1 2 3 5 6 9 10 | 10.0
Dodging        | 3 5 7 8 10 | 10.6
Charms         | 4 10 | 10.0
Earth Magic    | 2 6 8 9 12 13 | 13.7
Evocations     | 6 |  6.0
Fire Magic     | 8 9 12 | 12.4
Stealth        | |  2.4

Action                   |  1- 3 |  4- 6 |  7- 9 | 10-12 | 13-15 | 16-18 | 19-21 || total
-------------------------+-------+-------+-------+-------+-------+-------+-------++-------
 Cast: Shock             |   106 |   102 |   326 |   154 |   158 |     5 |       ||   851
       Airstrike         |       |       |    54 |   221 |    64 |       |       ||   339
       Iskenderun's Batt |       |       |       |    38 |    68 |     8 |       ||   114
       Lightning Bolt    |       |       |       |    31 |   344 |    44 |       ||   419
       Iron Shot         |       |       |       |    21 |   182 |   116 |       ||   319
       Deflect Missiles  |       |       |       |       |     2 |     1 |       ||     3
       Bolt of Fire      |       |       |       |       |    61 |   538 |     9 ||   608
       Ignition          |       |       |       |       |       |     2 |    10 ||    12
       Lehudib's Crystal |       |       |       |       |       |     2 |     1 ||     3
       Blink             |       |       |       |       |       |     1 |       ||     1
Evoke: Wand              |       |       |    10 |     1 |     3 |     9 |       ||    23
       Box of beasts     |       |       |       |       |       |     2 |       ||     2
  Use: Scroll            |     6 |     6 |     4 |    12 |    17 |     4 |       ||    49
       Potion            |       |     1 |       |       |       |    10 |       ||    11
  Eat: Chunk             |     4 |     6 |    20 |    42 |    53 |    31 |     2 ||   158
       Fruit             |       |       |       |    13 |     1 |     6 |       ||    20
       Meat ration       |       |       |       |     1 |     2 |       |       ||     3
       Royal jelly       |       |       |       |     2 |     8 |     5 |       ||    15
       Bread ration      |       |       |       |       |     2 |     1 |       ||     3
Armor: Robe              |     3 |     6 |    12 |    22 |    46 |    25 |    22 ||   136
       Skin              |       |     6 |       |       |       |       |       ||     6
Dodge: Dodged            |    23 |    24 |    63 |    84 |   208 |    94 |    50 ||   546
       Deflected         |       |       |       |       |    16 |    10 |       ||    26
Block: Other             |       |       |       |       |       |     2 |     8 ||    10
